 Dungeon Crawl Stone Soup version 0.32-a0-558-g233958a4c4 (webtiles) character file.

Game seed: 10496942734224091832

11 kae the Firebug (level 2, 0/15 HPs)
             Began as a Deep Elf Fire Elementalist on Mar 1, 2024.
             Slain by a jackal (3 damage)
             ... on level 1 of the Dungeon.
             The game lasted 00:00:25 (653 turns).

kae the Firebug (Deep Elf Fire Elementalist)         Turns: 653, Time: 00:00:26

Health: 0/15       AC:  2    Str:  5    XL:     2   Next: 17%
Magic:  6/8        EV: 12    Int: 19    God:
Gold:   18         SH:  0    Dex: 15    Spells: 6/7 levels left

rFire   . . .        (no weapon)
rCold   . . .        (no shield)
rNeg    . . .        a - +0 robe
rPois   .            (no helmet)
rElec   .            (no cloak)
rCorr   .            (no gloves)
SInv    .            (no boots)
Will    .....        (no amulet)
Stlth   ++           (no ring)
HPRegen 0.22/turn    (no ring)
MPRegen 0.11/turn

%: no passive effects
@: no status effects
A: no striking features
a: no special abilities


You were on level 1 of the Dungeon.
You visited 1 branch of the dungeon, and saw 1 of its levels.

You collected 18 gold pieces.


   Skills:
 - Level 2.4 Dodging
 - Level 2.4 Stealth
 + Level 3.4 Spellcasting
 + Level 1.6 Conjurations
 + Level 3.5 Fire Magic


You had 6 spell levels left.
You knew the following spells:

 Your Spells              Type           Power      Damage    Failure   Level
a - Foxfire               Conj/Fire      52%        2x1d6     4%          1

Your spell library contained the following spells:

 Spells                   Type           Power      Damage    Failure   Level
 Scorch                   Fire           32%        2d6       4%          2
 Lesser Beckoning         Tloc           6%         N/A       22%         2
 Inner Flame              Hex/Fire       10%        N/A       22%         3
 Volatile Blastmotes      Fire/Tloc      20%        2d11      22%         3
 Gell's Gravitas          Tloc           3%         N/A       41%         3
 Teleport Other           Tloc           3%         N/A       41%         3
 Flame Wave               Conj/Fire      13%        2d6       45%         4

Inventory:

Missiles
 c - 4 poisoned darts
 f - 4 stones
Armour
 a - a +0 robe (worn)
Scrolls
 d - 3 scrolls of teleportation {unknown}
 e - 2 scrolls of identify {unknown}
Potions
 b - a potion of magic

Dungeon Overview and Level Annotations

Branches:
Dungeon (1/15) Zot: 5346

Altars:

#..# #.##....
#####..# #.#.....
#......# #.#.....
#.####.# #†#.....
#.#....# #.#.....
#.#.#######.##..).
#.#.........###'##
#.#..######## #.#
#@#..# #.# #h#..#
#.# #h#..# #.#
#.#..##### #.#
#.#..#...######.#
#.#..#...'......#
.†...#...########
#.. #.[.# ## ...
#.### #.


You could see 2 jackals.


Message History

A rat comes into view. 😎 MP[+2]
Your mp is fully restored (8).
A rat is nearby!
A rat is nearby!
A rat is nearby!
Casting: Foxfire (safe; 5% risk of failure)
Confirm with . or Enter, or press ? or * to list all spells.
You conjure some foxfire! 😎 MP[-1]
You lost 1 mp, and now have 7/8 mp.
Casting: Foxfire (safe; 5% risk of failure)
Confirm with . or Enter, or press ? or * to list all spells.
You conjure some foxfire!
The foxfire hits the rat.
You kill the rat! 😎 MP[-1]
You lost 1 mp, and now have 6/8 mp.
A jackal comes into view.
A jackal is nearby!
Casting: Foxfire (safe; 4% risk of failure)
Confirm with . or Enter, or press ? or * to list all spells.
You conjure some foxfire!
A jackal is nearby!
A jackal is nearby!
Casting: Foxfire (safe; 4% risk of failure)
Confirm with . or Enter, or press ? or * to list all spells.
You conjure some foxfire!
The foxfire hits the jackal.
The jackal barks!
You hear a bark!
The foxfire hits the jackal.
You kill the jackal!
A jackal comes into view. x2 😎 MP[-1]
You lost 1 mp, and now have 5/8 mp.
Casting: Foxfire (safe; 4% risk of failure)
Confirm with . or Enter, or press ? or * to list all spells.
You conjure some foxfire!
The foxfire hits the jackal. 😎 MP[-1]
You lost 1 mp, and now have 4/8 mp.
Casting: Foxfire (safe; 4% risk of failure)
Confirm with . or Enter, or press ? or * to list all spells.
You conjure some foxfire!
The foxfire hits the jackal. 😎 MP[-1]
You lost 1 mp, and now have 3/8 mp.
Casting: Foxfire (safe; 4% risk of failure)
Confirm with . or Enter, or press ? or * to list all spells.
There is not enough space to conjure foxfire!
Unknown command.
You completely miss the jackal. The jackal bites you.
The jackal barely misses you.
You barely miss the jackal.
The jackal barely misses you. 😕 HP[-1] MP[+1]
You take 1 damage, and now have 14/15 hp.
You hit the jackal but do no damage. The jackal barely misses you. x2
You closely miss the jackal. The jackal barely misses you.
You closely miss the jackal.
The jackal bites you but does no damage.
You hit the jackal. The jackal barely misses you.
The jackal closely misses you. 😎 HP[+1]
Your hp is fully restored (15).
You barely miss the jackal. The jackal closely misses you.
You barely miss the jackal.
The jackal bites you but does no damage.
The jackal barely misses you.
You barely miss the jackal. The jackal misses you.
You closely miss the jackal. The jackal misses you.
You hit the jackal but do no damage. The jackal barely misses you.
The jackal closely misses you. 😎 MP[+1]
You hit the jackal but do no damage. The jackal bites you. 😕 HP[-2]
You take 2 damage, and now have 13/15 hp.
You hit the jackal but do no damage. The jackal bites you.
The jackal completely misses you. 😮 HP[-2]
You take 2 damage, and now have 11/15 hp.
You hit the jackal but do no damage. The jackal bites you. 😮 HP[-1]
You take 1 damage, and now have 10/15 hp.
You hit the jackal but do no damage. The jackal bites you.
You hit the jackal but do no damage. The jackal bites you.
The jackal closely misses you. 😮 HP[-1]
You take 1 damage, and now have 9/15 hp.
You barely miss the jackal. The jackal barely misses you.
You hit the jackal but do no damage. The jackal bites you.
* * * LOW HITPOINT WARNING * * *
The jackal bites you.
* * * LOW HITPOINT WARNING * * *
You barely miss the jackal. The jackal completely misses you.
You hit the jackal but do no damage. The jackal bites you.
* * * LOW HITPOINT WARNING * * *
You closely miss the jackal. The jackal barely misses you. x2
You closely miss the jackal.
The jackal barely misses you. 😱 HP[-6] MP[+1]
You take 6 damage, and now have 3/15 hp.
MASSIVE DAMAGE!! (PAUSE)
You barely miss the jackal. The jackal bites you.
You die...

Action                     || total
---------------------------++-------
  Melee: Unarmed           ||    26
   Cast: Foxfire           ||    23
 Armour: Robe              ||    19
  Dodge: Dodged            ||    29

Levels and vault maps discovered:
D:1:      dpeg_arrival_tiny_k, layout_basic

Notes
Turn   | Place    | Note
-------+----------+-------------------------------------------
     0 | D:1      | kae the Deep Elf Fire Elementalist began the quest for the
                  | Orb.
     0 | D:1      | Reached XP level 1. HP: 10/10 MP: 6/6
     0 | D:1      | magus.rc [v1.11.3]
   475 | D:1      | You pick up a book of Displacement and begin reading...
   475 | D:1      | You add the spells Lesser Beckoning, Gell's Gravitas and
                  | Teleport Other to your library.
   542 | D:1      | Reached XP level 2. HP: 15/15 MP: 5/8
   650 | D:1      | HP: 3/15 [jackal (2)]
   653 | D:1      | Slain by a jackal

Vanquished Creatures
  2 endoplasms (D:1)
  A goblin (D:1)
  A hobgoblin (D:1)
  A jackal (D:1)
  A kobold (D:1)
  2 ball pythons (D:1)
  A frilled lizard (D:1)
  2 rats (D:1)
11 creatures vanquished.

Vanquished Creatures (others)
  35 foxfires (D:1)
35 creatures vanquished.

Grand Total: 46 creatures vanquished

Table legend:
 A = Non-vault XP
 B = Vault XP
 C = Vault XP percentage of total XP
 D = Non-vault monster count
 E = Vault monster count
 F = Vault count percentage of total count
                 A         B        C        D         E       F
            +---------+---------+-------+---------+---------+-------
      Total |      17 |       0 |   0.0 |      11 |       0 |   0.0
            +---------+---------+-------+---------+---------+-------
        D:1 |      17 |       0 |   0.0 |      11 |       0 |   0.0
            +---------+---------+-------+---------+---------+-------

Action                     || total
---------------------------++-------
  Melee: Unarmed           ||    26
   Cast: Foxfire           ||    23
 Armour: Robe              ||    19
  Dodge: Dodged            ||    29

Illustrated notes

Table legend:
 A = Kills in this place as a percentage of kills in the entire game.
 B = Kills by you in this place as a percentage of kills by you in the entire game.
 C = Kills by friends in this place as a percentage of kills by friends in the entire game.
 D = Other kills in this place as a percentage of other kills in the entire game.
 E = Experience gained in this place as a percentage of experience gained in the entire game.
 F = Experience gained in this place divided by the number of levels of this place that you have seen.
                   A       B       C       D       E      F
               +-------+-------+-------+-------+-------+----------------------
         Total | 100.0 | 100.0 |   N/A |   N/A | 100.0 |  17.0
       Dungeon | 100.0 | 100.0 |   N/A |   N/A | 100.0 |  17.0
               +-------+-------+-------+-------+-------+----------------------

Table legend: (Time is in decaauts)
 A = Elapsed time spent in this place.
 B = Non-inter-level travel time spent in this place.
 C = Inter-level travel time spent in this place.
 D = Time resting spent in this place.
 E = Time spent auto-exploring this place.
 F = Levels seen in this place.
 G = Mean time per level.
                   A        B        C        D        E       F      G
               +--------+--------+--------+--------+--------+-----+--------+
         Total |    653 |    653 |      0 |      0 |    558 |   1 |  653.0 |
       Dungeon |    653 |    653 |      0 |      0 |    558 |   1 |  653.0 |
               +--------+--------+--------+--------+--------+-----+--------+

Top non-repeatable levels by time:
     D:1: 653 daAuts
